AoeStats
← Khirs

Arena

505481724Analyzed
4v4 RM · 23d ago on Sep 9, 2026· 41m 46s· 8 players
Game mode
Random Map
Map size
Large (8 player)
Population
200
Speed
Normal
Resources
Standard
Victory
Conquest
Starting age
Dark Age
Ending age
Imperial Age
RankedLock teamsTeams togetherTeam positionsShared explorationLock speedFull tech treeHidden civsTurbo modeCheats
Victory
Defeat
🇸🇪 Britons · Sweden
980
+11
🇦🇷 Franks · Argentina
977
+11
🇧🇷 Jurchens · Brazil
814
+18
🇩🇪 Ethiopians · Germany
797
+19
🇩🇪 Romans · Germany
893
-16
🇪🇸 Chinese · Spain
893
-16
🇹🇷 Khmer · Türkiye
857
-14
🇹🇷 Spanish · Türkiye
820
-13
Khirs
0:36 Loom
11:57 Feudal Age
12:31 Double-Bit Axe
12:50 Horse Collar
23:04 Castle Age
21:03 Stone Mining
21:33 Fletching
22:18 Gold Mining
23:50 Bodkin Arrow
26:34 Ballistics
38:27 Imperial Age
36:43 Murder Holes
38:23 Bow Saw
39:25 Bracer
41:02 Chemistry
King of Negev
2:53 Loom
8:49 Feudal Age
10:02 Horse Collar
10:53 Double-Bit Axe
17:56 Castle Age
17:15 Gold Mining
17:22 Stone Mining
23:48 Heavy Plow
24:01 Bow Saw
23:56 Elite Skirmisher
24:04 Pikeman
30:31 Ballistics
30:50 Bloodlines
35:04 Imperial Age
33:12 Wheelbarrow
32:22 Town Watch
33:51 Gold Shaft Mining
35:13 Husbandry
35:37 Hand Cart
35:37 Arson
35:59 Double Crossbow
35:23 Heavy Scorpion
36:16 Siege Engineers
36:37 Halberdier
38:30 Chemistry
40:04 Forging
39:55 Scale Mail Armor
Justin Bobr
0:39 Loom
10:30 Feudal Age
16:57 Castle Age
14:55 Horse Collar
15:15 Double-Bit Axe
15:50 Gold Mining
16:10 Stone Mining
20:13 Wheelbarrow
20:23 Bow Saw
24:46 Hand Cart
26:12 Man-at-Arms
26:12 Pikeman
26:54 Squires
28:23 Long Swordsman
30:48 Fortified Wall
31:46 Scale Barding Armor
31:56 Forging
34:28 Iron Casting
34:13 Chain Barding Armor
34:44 Ballistas
36:51 Fletching
37:01 Padded Archer Armor
36:31 Elite Skirmisher
36:31 Crossbowman
Itechopolis
0:32 Loom
15:32 Feudal Age
16:40 Double-Bit Axe
17:33 Wheelbarrow
16:44 Town Watch
16:25 Man-at-Arms
16:51 Arson
23:29 Horse Collar
26:50 Castle Age
25:22 Bloodlines
28:28 Hand Cart
28:13 Town Patrol
27:38 Long Swordsman
27:41 Pikeman
27:54 Light Cavalry
28:35 Husbandry
30:01 Forging
29:51 Scale Mail Armor
29:52 Padded Archer Armor
29:49 Gambesons
30:37 Elite Skirmisher
31:41 Gold Mining
32:45 Squires
36:59 Stone Mining
Upsidupsi
0:48 Loom
12:08 Feudal Age
16:57 Castle Age
14:54 Horse Collar
15:29 Double-Bit Axe
17:07 Crossbowman
19:02 Fletching
19:13 Padded Archer Armor
21:41 Wheelbarrow
24:13 Ballistics
32:16 Imperial Age
30:20 Thumb Ring
30:11 Gold Mining
30:48 Bow Saw
30:46 Heavy Plow
31:16 Leather Archer Armor
30:59 Stone Mining
31:26 Bodkin Arrow
32:15 Hand Cart
32:46 Forging
32:21 Arbalester
33:45 Ring Archer Armor
34:49 Chemistry
34:07 Bracer
34:21 Scale Mail Armor
35:09 Gold Shaft Mining
35:10 Stone Shaft Mining
34:57 Squires
34:42 Arson
36:15 Iron Casting
37:13 Chain Mail Armor
37:38 Conscription
39:54 Halberdier
Bolle
2:19 Loom
9:58 Feudal Age
11:02 Double-Bit Axe
12:21 Horse Collar
18:10 Castle Age
19:50 Bow Saw
19:37 Crossbowman
20:54 Heavy Plow
21:12 Stone Mining
21:14 Gold Mining
23:03 Gold Shaft Mining
23:14 Town Watch
24:06 Wheelbarrow
27:14 Fletching
27:26 Padded Archer Armor
30:48 Leather Archer Armor
30:29 Bodkin Arrow
31:55 Ballistics
31:16 Treadmill Crane
31:48 Masonry
35:05 Imperial Age
35:23 Yeomen
35:38 Hand Cart
35:25 Town Patrol
36:50 Conscription
36:03 Arbalester
37:36 Ring Archer Armor
37:07 Bracer
38:10 Two-Man Saw
40:46 Elite Longbowman
Pilgrim
3:58 Loom
11:14 Feudal Age
11:40 Double-Bit Axe
13:08 Horse Collar
13:23 Gold Mining
16:51 Castle Age
16:12 Stone Mining
25:29 Wheelbarrow
29:33 Bow Saw
29:25 Heavy Plow
29:34 Fletching
30:28 Fortified Bastions
31:02 Hand Cart
31:06 Bodkin Arrow
31:53 Town Watch
32:53 Gold Shaft Mining
32:53 Stone Shaft Mining
37:05 Imperial Age
jhonzx_11
10:59 Feudal Age
15:08 Castle Age
14:12 Double-Bit Axe
14:21 Stone Mining
17:17 Wheelbarrow
17:24 Bow Saw
21:09 Gold Mining
27:04 Gold Shaft Mining
29:49 Imperial Age
27:47 Fortified Wall
30:42 Hand Cart
30:32 Husbandry
30:37 Cavalier
31:31 Forging
31:27 Scale Barding Armor
31:52 Conscription
32:41 Chivalry
32:06 Paladin
35:35 Ballistics
36:16 Chemistry
36:21 Iron Casting
36:06 Chain Barding Armor
36:15 Heavy Scorpion
43:01 Blast Furnace
42:37 Plate Barding Armor
Connection lost

Rejoining the realm…

Still unreachable

The connection could not be restored.

Session expired

The server has moved on; the page needs a fresh start.